 Dungeon Crawl Stone Soup version 0.23-a0-703-gdf2d5e0 (console) character file.

9 bli the Skirmisher (level 2, 0/24 HPs)
             Began as a Formicid Abyssal Knight on Jan 13, 2019.
             Was an Initiate of Lugonu.
             Slain by a gnoll
             ... wielding a +0 club
              (7 damage)
             ... on level 1 of the Dungeon.
             The game lasted 00:02:23 (704 turns).

bli the Skirmisher (Formicid Abyssal Knight)         Turns: 704, Time: 00:02:24

Health: 0/24       AC:  3    Str: 18    XL:     2   Next: 20%
Magic:  3/3        EV: 11    Int: 11    God:    Lugonu [......]
Gold:   27         SH:  0    Dex: 10    Spells: 1/1 levels left

rFire    . . .     SeeInvis +   a - +1 hand axe
rCold    . . .     Gourm    .   (no shield)
rNeg     . . .     Faith    .   b - +0 leather armour
rPois    .         Spirit   .   (helmet unavailable)
rElec    .         Reflect  .   (no cloak)
rCorr    .         Harm     .   (no gloves)
MR       .....                  (no boots)
Stlth    +.........             j - amulet of inaccuracy (curse)
HPRegen  0.08/turn              l - +2 ring of strength
MPRegen  0.08/turn              (no ring)

@: no status effects
A: permanent stasis, dig shafts and tunnels, four strong arms, antennae 3
a: Dig, Shaft Self, Renounce Religion


You were on level 1 of the Dungeon.
You worshipped Lugonu.
Lugonu was noncommittal.
You were not hungry.

You visited 1 branch of the dungeon, and saw 1 of its levels.
You visited the Abyss 1 time.

You collected 27 gold pieces.

Inventory:

Hand Weapons
 a - a +1 hand axe (weapon)
Missiles
 e - 45 stones (quivered)
Armour
 b - a +0 leather armour (worn)
Jewellery
 j - a cursed amulet of inaccuracy (around neck)
 l - a +2 ring of strength (left hand)
Scrolls
 d - a scroll of blinking {unknown}
 k - a scroll of fog {unknown}
Potions
 g - a potion of brilliance {unknown}
 h - a potion of agility {unknown}
 i - a potion of haste {unknown}
 n - a potion of flight {unknown}
Miscellaneous
 f - a sack of spiders
Comestibles
 c - 2 rations
 m - 2 chunks of flesh


   Skills:
 - Level 3.2 Fighting
 * Level 2.8 Axes
 - Level 2.1 Armour
 - Level 0.8 Dodging
 - Level 2.1 Invocations


You had one spell level left.
You didn't know any spells.
Your spell library was empty.

Dungeon Overview and Level Annotations

Branches:
Dungeon (1/15)

Altars:


Innate Abilities, Weirdness & Mutations

You cannot be hasted, slowed, berserked, paralysed or teleported.
You can dig through walls and to a lower floor.
Your four strong arms can wield two-handed weapons with a shield.
You have a pair of large antennae on your head. (SInv)


Message History

You barely miss the kobold. The kobold hits you with a +0 dagger.
You barely miss the kobold. The kobold closely misses you.
You closely miss the kobold. The kobold hits you with a +0 dagger.
You closely miss the kobold. The kobold closely misses you.
The kobold barely misses you.
You hit the kobold.
The kobold is moderately wounded.
The kobold hits you but does no damage.
You slash the kobold!
You kill the kobold!
Lugonu accepts your kill.
Throwing (i - inventory)
e - 46 stones (quivered)
Press: ? - help, Shift-Dir - straight line, f - gnoll
Aim: a gnoll, wielding a +0 club You throw a stone.
The stone closely misses the gnoll.
You closely miss the gnoll. The gnoll hits you with a +0 club.
* * * LOW HITPOINT WARNING * * *
You slash the gnoll!
The gnoll is almost dead.
The gnoll hits you with a +0 club!
You die...

..........(...# #.#.#
..............###### #.#.#
.........#####.....# #.#.#
.#.......#####.....# #.#.#
...................# #.#.#
.#.......######....####.#.#
#.......#.........(....#.#
#########.#.#####.######.#
........).....#.#
#.#######.#.##.#.#
#......@g.#..#.#.#
##############.#.#
#รท.......#.# #.########.#
#..........# ############


You could see a gnoll.

Vanquished Creatures
  2 hobgoblins (D:1)
  3 bats (D:1)
  2 kobolds (D:1)
  2 rats (D:1)
9 creatures vanquished.

Notes
Turn   | Place    | Note
-------+----------+-------------------------------------------
     0 | Abyss:1  | bli the Formicid Abyssal Knight began the quest for the
                  | Orb.
     0 | Abyss:1  | Reached XP level 1. HP: 18/18 MP: 2/2
    63 | Abyss:1  | Found a corrupted altar of Lugonu.
   122 | Abyss:1  | Noticed an ancient zyme
   133 | D:1      | Escaped the Abyss
   549 | D:1      | Reached XP level 2. HP: 17/24 MP: 3/3
   704 | D:1      | Slain by a gnoll

Vault maps used:
D:1:      onia_arrival_pentagram

Action                   || total
-------------------------++-------
Melee: Hand axe          ||    63
Throw: Stone             ||     1
Invok: Depart the Abyss  ||     1
Armor: Leather armour    ||    27
Dodge: Dodged            ||    48

Table legend:
 A = Non-vault XP
 B = Vault XP
 C = Vault XP percentage of total XP
 D = Non-vault monster count
 E = Vault monster count
 F = Vault count percentage of total count
                 A         B        C        D         E       F
            +---------+---------+-------+---------+---------+-------
      Total |      13 |       0 |   0.0 |       9 |       0 |   0.0
            +---------+---------+-------+---------+---------+-------
        D:1 |      13 |       0 |   0.0 |       9 |       0 |   0.0
            +---------+---------+-------+---------+---------+-------
